 Dungeon Crawl Stone Soup version 0.19-a0-1714-gcab94ab (webtiles) character file.

207 Vasilisck the Shield-Bearer (level 6, -2/49 HPs)
             Began as a Formicid Fighter on Sept 28, 2016.
             Was an Initiate of Qazlal.
             Killed from afar by Natasha (7 damage)
             ... with a magic dart
             ... on level 3 of the Dungeon.
             The game lasted 00:03:57 (2389 turns).

Vasilisck the Shield-Bearer (Formicid Fighter)      Turns: 2389, Time: 00:03:58

Health: -2/49      AC: 13    Str: 23    XL:     6   Next: 11%
Magic:  6/6        EV:  5    Int:  7    God:    Qazlal [......]
Gold:   143        SH: 10    Dex: 10    Spells: 0 memorised, 5 levels left

rFire  . . .     SeeInvis +     a - +0 war axe
rCold  . . .     Gourm    .     p - +0 plate armour
rNeg   . . .     Faith    .     c - +0 shield
rPois  .         Spirit   .     (helmet unavailable)
rElec  .         Dismiss  .     (no cloak)
rCorr  .         Reflect  .     (no gloves)
MR     .....     Harm     .     (no boots)
Stlth  ..........               (no amulet)
                                (no ring)
                                q - ring of stealth

@: no status effects
A: permanent stasis, dig shafts and tunnels, four strong arms, antennae 3
a: Dig, Shaft Self, Renounce Religion


You were on level 3 of the Dungeon.
You worshipped Qazlal.
Qazlal was noncommittal.
You were near starving.

You visited 1 branch of the dungeon, and saw 3 of its levels.

You collected 143 gold pieces.

Inventory:

Hand Weapons
 a - a +0 war axe (weapon)
Armour
 b - a +0 scale mail
 c - a +0 shield (worn)
 p - a +0 plate armour (worn)
Jewellery
 q - a ring of stealth (left hand)
Scrolls
 d - a scroll of teleportation {unknown}
 e - a scroll of noise {unknown}
 h - 2 scrolls of fear {unknown}
 i - 2 scrolls of immolation {unknown}
 j - 2 scrolls of identify {unknown}
 l - 2 scrolls of random uselessness {unknown}
 o - a scroll of remove curse {unknown}
Potions
 g - a potion of degeneration {unknown}
 k - a potion of mutation {unknown}
 m - a potion of invisibility {unknown}
 n - 5 potions of curing {unknown}
 r - a potion of heal wounds {unknown}
Comestibles
 f - a bread ration


   Skills:
 + Level 4.6 Fighting
 + Level 3.1 Axes
 + Level 4.5 Armour
 + Level 4.8 Shields


You had 5 spell levels left.
You didn't know any spells.

Dungeon Overview and Level Annotations

Branches:
Dungeon (3/15)

Altars:
Kikubaaqudgha
Qazlal

Annotations:
D:3 Natasha


Innate Abilities, Weirdness & Mutations

You are under a permanent stasis effect.
You can dig through walls and to a lower floor.
Your four strong arms can wield two-handed weapons with a shield.
You have a pair of large antennae on your head. (SInv)


Message History

Natasha claws you but does no damage. Natasha claws you.
* * * LOW HITPOINT WARNING * * *
You hit Natasha.
Natasha is almost dead.
Natasha mumbles some strange words.
You feel troubled. You block Natasha's attack.
Your plate armour prevents you from hitting Natasha.
Natasha is almost dead.
Natasha mumbles some strange words.
Natasha's front paws start to glow.
You block Natasha's attack.
The crimson imp blinks!
You block Natasha's attack.
You closely miss Natasha.
Natasha is almost dead.
Natasha barely misses you.
The crimson imp blinks!
You closely miss Natasha.
Natasha is almost dead.
Natasha casts a spell at you. The magic dart hits you!
You die...

..........#..#######.......(.....
########.##..# #..#####...##.
#.##..#######..<.....#....
#...............####..†#..
#.................###.##..
####.##.#.######..##.# #.##.. {
...........# #..##.# #.##..
####.##<#..### #..##.# #.....
#..##.#..#@# #..##.# ####.# {
#..##..5§h####..##.# #.#
#..##.....§.....##.#### #.#
##...#..........###....###.#
#..........###.............#
#...)...........######.###..
#.....#.######### #.# ###
##...##.# #.# # #.####.# ##.## #


You could see Natasha and a crimson imp.

Vanquished Creatures
  The ghost of Xiguana the Skirmisher, a weakling DsCK of Xom (D:3)
  Natasha (D:3)
  Robin (D:2)
  5 adders
  An ooze (D:2)
  3 worms
  5 leopard geckos
  4 giant cockroaches
  9 hobgoblins
  2 jackals (D:2)
  3 kobolds
  A quokka (D:2)
  A ball python (D:2)
  12 bats
  4 frilled lizards
  11 goblins
  7 rats
71 creatures vanquished.

Notes
Turn   | Place    | Note
-------+----------+-------------------------------------------
     0 | D:1      | Vasilisck the Formicid Fighter began the quest for the Orb.
     0 | D:1      | Reached XP level 1. HP: 18/18 MP: 1/1
   135 | D:1      | Reached XP level 2. HP: 24/24 MP: 2/2
   337 | D:1      | Reached XP level 3. HP: 12/30 MP: 3/3
   345 | D:1      | HP: 1/30 [leopard gecko (2)]
   983 | D:2      | Noticed Robin
  1021 | D:2      | Killed Robin
  1021 | D:2      | Reached XP level 4. HP: 26/37 MP: 4/4
  1567 | D:2      | Reached XP level 5. HP: 39/43 MP: 5/5
  1662 | D:2      | Found an ancient bone altar of Kikubaaqudgha.
  1889 | D:3      | Noticed Xiguana's ghost (weakling DsCK)
  1905 | D:3      | Killed Xiguana's ghost
  2044 | D:3      | Found a stormy altar of Qazlal.
  2083 | D:3      | Noticed Natasha
  2090 | D:3      | Killed Natasha
  2090 | D:3      | Reached XP level 6. HP: 36/49 MP: 6/6
  2145 | D:3      | Became a worshipper of Qazlal Stormbringer
  2354 | D:3      | Noticed Natasha
  2389 | D:3      | Killed from afar by Natasha

Vault maps used:
D:1:      dpeg_arrival_more_subterranean_lakeside_camping
D:2:      lemuel_crystal_altar, uniq_robin
D:3:      lemuel_coloured_pillars_altar, uniq_natasha

Skill      XL: |  1  2  3  4  5 |
---------------+----------------+-----
Fighting       | 4 |  4.6
Armour         | 4 |  4.5
Shields        | 4 |  4.8
Axes           | 3 |  3.1

Action                   |  1- 3 |  4- 6 || total
-------------------------+-------+-------++-------
Melee: War axe           |   143 |   165 ||   308
 Abil: Dig               |       |     1 ||     1
  Use: Potion            |       |     1 ||     1
  Eat: Chunk             |       |     4 ||     4
Armor: Scale mail        |    92 |    12 ||   104
       Plate armour      |       |    71 ||    71
Dodge: Dodged            |    61 |    30 ||    91
Block: Shield            |    93 |   101 ||   194
